 Dungeon Crawl Stone Soup version 0.22-a0-271-gc000056 (webtiles) character file.

488 grindst0ne the Magician (level 6, -1/32 HPs)
             Began as a Deep Elf Air Elementalist on Mar 12, 2018.
             Slain by a bullfrog (7 damage)
             ... on level 4 of the Dungeon.
             The game lasted 00:07:04 (3227 turns).

grindst0ne the Magician (Deep Elf Air Elementalist) Turns: 3227, Time: 00:07:04

Health: -1/32      AC:  2    Str:  5    XL:     6   Next: 90%
Magic:  15/17      EV: 13    Int: 22    God:
Gold:   148        SH:  0    Dex: 15    Spells: 9/17 levels left

rFire    . . .     SeeInvis .   f - +1 dagger (flame)
rCold    . . .     Gourm    .   (no shield)
rNeg     . . .     Faith    .   a - +0 robe
rPois    .         Spirit   .   (no helmet)
rElec    .         Reflect  .   (no cloak)
rCorr    .         Harm     .   (no gloves)
MR       .....                  (no boots)
Stlth    ++........             (no amulet)
HPRegen  0.10/turn              (no ring)
MPRegen  0.15/turn              (no ring)

@: no status effects
A: no striking features
a: no special abilities


You were on level 4 of the Dungeon.
You were hungry.

You visited 1 branch of the dungeon, and saw 4 of its levels.

You collected 148 gold pieces.

Inventory:

Hand Weapons
 f - a +1 dagger of flaming (weapon)
Armour
 a - a +0 robe (worn)
Jewellery
 j - an uncursed amulet of harm {unknown}
 k - an uncursed amulet of the gourmand {unknown}
Wands
 m - a wand of flame (36)
Scrolls
 b - 3 scrolls of teleportation {unknown}
 e - 2 scrolls of enchant armour {unknown}
 g - 4 scrolls of identify {unknown}
 h - a scroll of noise {unknown}
 i - 3 scrolls of amnesia {unknown}
 l - 2 scrolls of remove curse {unknown}
 o - a scroll of blinking {unknown}
Potions
 d - a potion of heal wounds {unknown}
 p - 2 potions of agility {unknown}
Comestibles
 c - 10 rations


   Skills:
 - Level 2.4 Dodging
 - Level 2.4 Stealth
 + Level 6.2 Spellcasting
 + Level 4.6 Conjurations
 + Level 5.1 Air Magic


You had 9 spell levels left.
You knew the following spells:

 Your Spells              Type           Power        Failure   Level  Hunger
a - Shock                 Conj/Air       ####         1%          1    None
b - Static Discharge      Conj/Air       ####....     3%          3    #......
c - Airstrike             Air            ####......   11%         4    ###....


Dungeon Overview and Level Annotations

Branches:
Dungeon (4/15)
 Temple: D:4-7

Altars:
Qazlal

Annotations:
D:2 exclusion: downstairs
D:3 Nib's ghost, amateur MiFi
D:4 Edmund


Message History

The worker ant is struck by lightning.
The worker ant is heavily wounded.
The lightning arcs!
You are struck by lightning.
* * * LOW HITPOINT WARNING * * *
The lightning arcs!
The worker ant is struck by lightning.
You kill the worker ant!
The lightning arcs!
You are struck by lightning.
* * * LOW HITPOINT WARNING * * *
The lightning grounds out.
There is a stone staircase leading up here.
Okay, then.
A bullfrog comes into view.
The bullfrog gives a loud, deep croak!
You hear a shout! x3
A slave comes into view.
The slave shouts!
The bullfrog hits you.
* * * LOW HITPOINT WARNING * * *
The bullfrog completely misses you. The bullfrog hits you!
You die...

#############
########....<......#
#....@F..p.....###(#
#.######.#####.# #.#
#.# #.# #.# #.# #.#
#.# ... ..# #.# #p#
#.# #.# ... ..# #.#
.# p%. #.#


You could see a slave and a bullfrog.

Vanquished Creatures
  Grinder (D:4)
  A centaur (D:4)
  A howler monkey (D:4)
  Natasha (thrice) (D:3)
  A worker ant (D:4)
  An adder (D:3)
  2 worms
  6 dart slugs
  2 leopard geckos (D:1)
  A ball python (D:4)
  2 giant cockroaches
  9 goblins
  9 hobgoblins
  7 jackals
  2 kobolds
  4 quokkas
  9 bats
  4 frilled lizards
  2 rats (D:2)
67 creatures vanquished.

Notes
Turn   | Place    | Note
-------+----------+-------------------------------------------
     0 | D:1      | grindst0ne the Deep Elf Air Elementalist began the quest for the Orb.
     0 | D:1      | Reached XP level 1. HP: 10/10 MP: 6/6
   157 | D:1      | Reached XP level 2. HP: 14/15 MP: 0/8
   595 | D:1      | Reached XP level 3. HP: 19/19 MP: 7/10
   728 | D:1      | Learned a level 3 spell: Static Discharge
  1351 | D:2      | Reached skill level 4 in Spellcasting
  1581 | D:2      | Found a stormy altar of Qazlal.
  1919 | D:3      | Reached XP level 4. HP: 24/24 MP: 12/12
  2302 | D:3      | Noticed Natasha
  2309 | D:3      | Killed Natasha
  2341 | D:3      | Noticed Nib's ghost (amateur MiFi)
  2379 | D:3      | Noticed Natasha
  2384 | D:3      | Killed Natasha
  2384 | D:3      | Reached XP level 5. HP: 20/28 MP: 0/14
  2397 | D:3      | Learned a level 4 spell: Airstrike
  2492 | D:3      | Noticed Natasha
  2496 | D:3      | Killed Natasha
  2583 | D:4      | Noticed Grinder
  2601 | D:4      | Killed Grinder
  2601 | D:4      | Reached skill level 5 in Spellcasting
  2601 | D:4      | Reached XP level 6. HP: 30/32 MP: 6/16
  2644 | D:4      | Reached skill level 5 in Air Magic
  2959 | D:4      | Reached skill level 6 in Spellcasting
  2968 | D:4      | Noticed Edmund
  3213 | D:4      | Noticed a slave
  3225 | D:4      | Noticed a slave
  3227 | D:4      | Slain by a bullfrog

Vault maps used:
D:1:      co_arrival_random_square_maze
D:2:      nicolae_overflow_crystal_walls, minmay_crystal_room
D:3:      minmay_misc_feat_rows, kennysheep_minor_cross, uniq_natasha
D:4:      nrook_mini_backslash, uniq_pikel, uniq_grinder, uniq_eustachio,
          uniq_blork_the_orc, uniq_edmund

Skill      XL: |  1  2  3  4  5  6 |
---------------+-------------------+-----
Conjurations   | 2 3 4 |  4.6
Spellcasting   | 4 5 6 |  6.2
Air Magic      | 4 5 |  5.1
Dodging        | |  2.4
Stealth        | |  2.4

Action                   |  1- 3 |  4- 6 || total
-------------------------+-------+-------++-------
Melee: Unarmed           |     4 |       ||     4
       Dagger            |    48 |     9 ||    57
 Cast: Shock             |    68 |    40 ||   108
       Static Discharge  |     1 |    15 ||    16
 Stab: Sleeping          |     4 |       ||     4
  Eat: Chunk             |     3 |     4 ||     7
Armor: Robe              |    14 |     3 ||    17
Dodge: Dodged            |    54 |    13 ||    67

Table legend:
 A = Spawn XP
 B = Non-spawn XP
 C = Spawn XP percentage of total XP
 D = Spawn monster count
 E = Non-spawn monster count
 F = Spawn count percentage of total count
 G = Total turns spent on level
                    A         B        C        D         E        F      G
               +---------+---------+-------+---------+---------+-------+---------
         Total |       0 |     698 |   0.0 |       0 |      67 |   0.0 |  3227
               +---------+---------+-------+---------+---------+-------+---------
           D:1 |       0 |      49 |   0.0 |       0 |      21 |   0.0 |   912
           D:2 |       0 |      40 |   0.0 |       0 |      21 |   0.0 |   886
           D:3 |       0 |     145 |   0.0 |       0 |      17 |   0.0 |   918
           D:4 |       0 |     464 |   0.0 |       0 |       8 |   0.0 |   511
               +---------+---------+-------+---------+---------+-------+---------
